 Dungeon Crawl Stone Soup version 0.25.0-3-gd7cc5688da (webtiles) character file.

Game seed: 9197013259554715692

287 grindst0ne the Skirmisher (level 6, -2/56 HPs)
             Began as a Ghoul Monk on June 15, 2020.
             Was a Believer of Trog.
             Killed from afar by an orc wizard (8 damage)
             ... with a puff of flame
             ... on level 5 of the Dungeon.
             The game lasted 00:06:49 (4908 turns).

grindst0ne the Skirmisher (Ghoul Monk)              Turns: 4908, Time: 00:06:50

Health: -2/56      AC:  3    Str: 17    XL:     6   Next: 30%
Magic:  5/5        EV: 12    Int:  5    God:    Trog [**....]
Gold:   281        SH:  5    Dex: 11    Spells: 5/5 levels left

rFire    . . .     SeeInvis .     - Unarmed
rCold    + . .     Gourm    .   (no shield)
rNeg     + + +     Faith    .   c - +0 leather armour
rPois    ∞         Spirit   .   (no helmet)
rElec    .         Reflect  +   (no cloak)
rCorr    .         Harm     .   (no gloves)
MR       .....                  (no boots)
Stlth    ++........             p - amulet of reflection
HPRegen  0.00/turn              (no ring)
MPRegen  0.09/turn              (no ring)

@: about to teleport, rotting
A: rotting body, claws 1, carnivore, cold resistance 1, negative energy
resistance 3, inhibited regeneration, torment resistance, unbreathing
a: Trog's Hand, Renounce Religion


You were on level 5 of the Dungeon.
You worshipped Trog.
Trog was pleased with you.
You were not hungry.

You visited 1 branch of the dungeon, and saw 5 of its levels.

You collected 281 gold pieces.

Inventory:

Missiles
 d - 27 poisoned darts (quivered)
Armour
 c - a +0 leather armour (worn)
Jewellery
 p - an amulet of reflection (around neck)
 q - an uncursed ring of ice
Scrolls
 a - a scroll of remove curse {unknown}
 e - a scroll of magic mapping {unknown}
 f - 2 scrolls of enchant armour {unknown}
 k - 4 scrolls of identify
 m - a scroll of fear {unknown}
 n - 4 scrolls of teleportation
Potions
 g - a potion of stabbing
 i - 2 potions of degeneration {unknown}
 j - a potion of might {unknown}
 l - a potion of haste {unknown}
 o - a potion of cancellation {unknown}
Comestibles
 b - 8 rations
 h - a chunk of flesh


   Skills:
 + Level 5.1 Fighting
 + Level 3.0 Armour
 - Level 2.6 Dodging
 - Level 2.1 Stealth
 + Level 5.0 Unarmed Combat


You had 5 spell levels left.
You didn't know any spells.
Your spell library was empty.

Dungeon Overview and Level Annotations

Branches:
Dungeon (5/15)
 Temple: D:4-7

Altars:
Trog


Innate Abilities, Weirdness & Mutations

Your body is rotting away.
You thrive on raw meat.
You are immune to poison.
You have sharp fingernails.
You are carnivorous and can eat meat at any time.
Your flesh is cold resistant. (rC+)
You are immune to negative energy. (rN+++)
You do not regenerate when monsters are visible.
You are immune to unholy pain and torment.
You can survive without breathing.


Message History

As you read the scroll labeled VEAPHI UWAYXKY, it crumbles to dust.
It is a scroll of identify.
n - 5 scrolls of teleportation You hear the slow rusting of a distant drain.
As you read the scroll of teleportation, it crumbles to dust.
You feel strangely unstable.
You barely miss the orc wizard.
The orc priest calls down the wrath of Beogh upon you.
Beogh smites you! The orc wizard barely misses you.
You scratch the orc wizard.
The orc wizard is lightly wounded.
The orc wizard misses you.
You scratch the orc wizard.
The orc wizard is moderately wounded.
The orc wizard casts a spell at you. The puff of flame hits you!
* * * LOW HITPOINT WARNING * * *
The orc wizard points at you and mumbles some strange words.
The puff of flame hits you!
You die...

...###.#<# .........#
.#.......#######
.........'.....#
##........#####.#
.........# #.#
.........# #.#
##########.....#### #.#
....$...@o........# #.#
.......o##......#.# #.#
................#.# #.#
........#...###.#.# #.#
........#o..# #.#.# #.#
........#.o.# #.#.###.#
........#÷..# #.#.....#
...>....#.....#.#######
#########{.......


You could see an orc priest and an orc wizard (fast).

Vanquished Creatures
  A bullfrog (D:5)
  A scorpion (D:4)
  An iguana (D:4)
  A gnoll (D:3)
  3 adders
  An ooze (D:1)
  6 worms
  3 dart slugs
  2 leopard geckos
  6 orcs
  2 ball pythons
  4 bats
  5 giant cockroaches
  11 goblins
  9 hobgoblins
  A jackal (D:2)
  6 kobolds
  2 frilled lizards
  13 rats
78 creatures vanquished.

Notes
Turn   | Place    | Note
-------+----------+-------------------------------------------
     0 | D:1      | grindst0ne the Ghoul Monk began the quest for the Orb.
     0 | D:1      | Reached XP level 1. HP: 19/19 MP: 0/0
   187 | D:1      | Reached XP level 2. HP: 19/26 MP: 1/1
   444 | D:1      | Reached skill level 1 in Armour
   903 | D:1      | Reached XP level 3. HP: 32/33 MP: 2/2
  1492 | D:2      | Reached XP level 4. HP: 34/40 MP: 3/3
  2310 | D:3      | HP: 2/41 [orc (2)]
  2732 | D:3      | Reached XP level 5. HP: 40/47 MP: 4/4
  3041 | D:3      | Noticed a moth of wrath
  3043 | D:3      | Found a bloodstained altar of Trog.
  3118 | D:3      | Became a worshipper of Trog the Wrathful
  3118 | D:3      | Reached * piety under Trog
  3118 | D:3      | Reached ** piety under Trog
  4853 | D:5      | Entered Level 5 of the Dungeon
  4894 | D:5      | Reached skill level 5 in Fighting
  4894 | D:5      | Reached skill level 5 in Unarmed Combat
  4894 | D:5      | Reached XP level 6. HP: 39/56 MP: 5/5
  4908 | D:5      | Killed from afar by an orc wizard

Illustrated notes

Levels and vault maps discovered:
D:1:      evilmike_arrival_rings, layout_basic, minivault_23, chequers_garden
D:2:      layout_basic, minmay_quantized
D:3:      cheibrodos_helix_gallery, layout_rooms, tgw_trog
D:4:      wander_river, layout_layer_cave, first_ration, grunt_decor_resistance,
          supply_closet_lemuel, roderic_lattice_a
D:5:      layout_basic, serial_shops, kennysheep_little_box,
          gup_sewer_entry_glass, uniq_grinder

Skill      XL: |  1  2  3  4  5 |
---------------+----------------+-----
Armour         | 1 2 3 |  3.0
Fighting       | 4 5 |  5.1
Unarmed Combat | 4 5 |  5.0
Dodging        | |  2.6
Stealth        | |  2.1

Action                   |  1- 3 |  4- 6 || total
-------------------------+-------+-------++-------
Melee: Unarmed           |   110 |   197 ||   307
Throw: Dart              |     1 |     4 ||     5
  Use: Potion            |       |     4 ||     4
       Scroll            |       |     2 ||     2
 Stab: Sleeping          |     3 |     6 ||     9
  Eat: Chunk             |     7 |     8 ||    15
Armor: Robe              |    12 |    10 ||    22
       Leather armour    |       |     5 ||     5
Dodge: Dodged            |    73 |    81 ||   154
Block: Other             |       |    28 ||    28
       Reflection        |       |     1 ||     1
